CAL (WIN)
LYNCHBURG HILLCATS @ CLEARWATER THRESHERS
12/24/2046
 
TOP OF THE 1ST
Lynchburg Hillcats batting - Pitching for Clearwater Threshers : RHP T.J. Gray
Pitching: RHP T.J. Gray
Batting: RHB Leo Loetzsch 0-0: Ground out 5-3 (Groundball, 5, EV 105.0 MPH)
Batting: RHB Diwan Abdul-Salam 0-0: Foul Ball, location: 2F
0-1: Called Strike
0-2: SINGLE (Groundball, 6MD, EV 107.5 MPH)
Batting: LHB Nick Welling 0-0: Ball
Wild Pitch!
Diwan Abdul-Salam to second
1-0: Foul Ball, location: 2F
1-1: Ground out U3 (Groundball, 3L, EV 92.5 MPH)
Diwan Abdul-Salam to third
Batting: LHB Jeff Palmowski 0-0: Called Strike
0-1: Ball
1-1: Ball
2-1: 2-RUN HOME RUN (Flyball, 9D, EV 95.0 MPH), Distance : 359 ft
Batting: LHB Chris Morgan 0-0: Called Strike
0-1: Ball
1-1: Ground out U3 (Groundball, 3, EV 80.6 MPH)
Top of the 1st over - 2 runs, 2 hits, 0 errors, 0 left on base; Lynchburg 2 - Clearwater 0
BOTTOM OF THE 1ST
Clearwater Threshers batting - Pitching for Lynchburg Hillcats : LHP Victor Garcia
Pitching: LHP Victor Garcia
Batting: RHB Mark Schultz 0-0: Called Strike
0-1: Swinging Strike
0-2: Ball
1-2: Ball
2-2: Foul Ball, location: 2F
2-2: Foul Ball, location: 2F
2-2: Strikes out swinging
Batting: LHB Alex Fernandez 0-0: Called Strike
0-1: Fly out, F8 (Flyball, 8RD, EV 85.0 MPH)
Batting: RHB Jake Cox 0-0: Called Strike
0-1: Foul Ball, location: 2F
0-2: Foul Ball, location: 2F
0-2: Foul Ball, location: 2F
0-2: Foul Ball, location: 2F
0-2: Ball
1-2: Ground out 4-3 (Groundball, 4, EV 93.8 MPH)
Bottom of the 1st over - 0 runs, 0 hits, 0 errors, 0 left on base; Lynchburg 2 - Clearwater 0
TOP OF THE 2ND
Lynchburg Hillcats batting - Pitching for Clearwater Threshers : RHP T.J. Gray
Batting: SHB Arturo Baez 0-0: Ball
1-0: Called Strike
1-1: Ball
2-1: Swinging Strike
2-2: Fly out, F7 (Flyball, 7S, EV 91.2 MPH)
Batting: RHB Jeremy Givens 0-0: Ball
1-0: Called Strike
1-1: Ball
2-1: Called Strike
2-2: Strikes out swinging
Batting: RHB Tai Joo 0-0: Ball
1-0: Swinging Strike
1-1: Ground out 6-3 (Groundball, 6, EV 91.9 MPH)
Top of the 2nd over - 0 runs, 0 hits, 0 errors, 0 left on base; Lynchburg 2 - Clearwater 0
BOTTOM OF THE 2ND
Clearwater Threshers batting - Pitching for Lynchburg Hillcats : LHP Victor Garcia
Batting: SHB Marco de Leon 0-0: Called Strike
0-1: Ball
1-1: Ball
2-1: Ball
3-1: Base on Balls
Batting: SHB Bob Dixon 0-0: Ground out 4-3 (Groundball, 34, EV 105.0 MPH)
Marco de Leon to second
Batting: RHB Vaclav Been 0-0: Swinging Strike
0-1: Foul Ball, location: 2F
0-2: Ball
1-2: Ball
2-2: Ground out U3 (Groundball, 3, EV 87.5 MPH)
Marco de Leon to third
Batting: RHB Joe Hewitt 0-0: Ground out 4-3 (Groundball, 34, EV 81.9 MPH)
Bottom of the 2nd over - 0 runs, 0 hits, 0 errors, 1 left on base; Lynchburg 2 - Clearwater 0
TOP OF THE 3RD
Lynchburg Hillcats batting - Pitching for Clearwater Threshers : RHP T.J. Gray
Batting: RHB Tsega Haida 0-0: Called Strike
0-1: Swinging Strike
0-2: Ball
1-2: Ball
2-2: Foul Ball, location: 2F
2-2: Ball
3-2: Base on Balls
Batting: RHB Leo Loetzsch 0-0: Ball
Pickoff Throw to First - Error! E1
Tsega Haida to second
1-0: Foul Ball, location: 2F
1-1: Swinging Strike
1-2: Foul Ball, location: 2F
1-2: Ball
2-2: Strikes out swinging
Batting: RHB Diwan Abdul-Salam 0-0: Called Strike
Tsega Haida steals 3rd base
0-1: 2-RUN HOME RUN (Flyball, 7D, EV 105.6 MPH), Distance : 393 ft
Batting: LHB Nick Welling 0-0: Fly out, F7 (Flyball, 7D, EV 100.0 MPH)
Batting: LHB Jeff Palmowski 0-0: Called Strike
0-1: Ball
1-1: Foul Ball, location: 2F
1-2: Ball
2-2: Ball
3-2: Strikes out swinging
Top of the 3rd over - 2 runs, 1 hit, 1 error, 0 left on base; Lynchburg 4 - Clearwater 0
BOTTOM OF THE 3RD
Clearwater Threshers batting - Pitching for Lynchburg Hillcats : LHP Victor Garcia
Batting: RHB Steve Jones 0-0: Ball
1-0: Foul Ball, location: 2F
1-1: Ball
2-1: Ball
3-1: Ground out 3-1 (Groundball, 34, EV 88.1 MPH)
Batting: RHB Allen Deschamps 0-0: Ball
1-0: Called Strike
1-1: Fly out, F8 (Line Drive, 8RD, EV 88.8 MPH)
Batting: RHB Mark Schultz 0-0: Ball
1-0: Ball
2-0: Ball
3-0: Swinging Strike
3-1: Swinging Strike
3-2: Foul Ball, location: 2F
3-2: Strikes out swinging
Bottom of the 3rd over - 0 runs, 0 hits, 0 errors, 0 left on base; Lynchburg 4 - Clearwater 0
TOP OF THE 4TH
Lynchburg Hillcats batting - Pitching for Clearwater Threshers : RHP T.J. Gray
Batting: LHB Chris Morgan 0-0: Ball
1-0: Ball
2-0: Called Strike
2-1: Ball
3-1: Called Strike
3-2: Base on Balls
Batting: SHB Arturo Baez 0-0: Ball
1-0: Swinging Strike
1-1: Ball
Wild Pitch!
Chris Morgan to second
2-1: Ground out 1-3 (Groundball, P, EV 69.4 MPH)
Chris Morgan to third
Batting: RHB Jeremy Givens 0-0: Ball
1-0: Ball
2-0: Ball
3-0: Called Strike
3-1: SINGLE (Groundball, 56D, EV 106.2 MPH)
Chris Morgan scores
Batting: RHB Tai Joo 0-0: Called Strike
0-1: Ball
1-1: Called Strike
Jeremy Givens steals 2nd, throwing error, E2
Jeremy Givens to third
1-2: Ball
2-2: Foul Ball, location: 2F
2-2: Ground out 6-3 (Groundball, 6, EV 86.2 MPH)
Jeremy Givens scores
Batting: RHB Tsega Haida 0-0: Ball
1-0: Ball
2-0: Ball
3-0: Called Strike
3-1: Base on Balls
Batting: RHB Leo Loetzsch 0-0: Ball
Tsega Haida steals 2nd base
1-0: Called Strike
1-1: Ball
2-1: Swinging Strike
2-2: Foul Ball, location: 2F
2-2: Foul Ball, location: 2F
2-2: Reached on error, E1 (Groundball, 15S, EV 75.0 MPH)
Tsega Haida to third
Batting: RHB Diwan Abdul-Salam 0-0: Called Strike
0-1: Ball
1-1: Called Strike
1-2: Fly out, F9 (Flyball, 9, EV 93.8 MPH)
Top of the 4th over - 2 runs, 1 hit, 2 errors, 2 left on base; Lynchburg 6 - Clearwater 0
BOTTOM OF THE 4TH
Clearwater Threshers batting - Pitching for Lynchburg Hillcats : LHP Victor Garcia
Batting: LHB Alex Fernandez 0-0: Foul Ball, location: 2F
0-1: Ball
1-1: TRIPLE (Line Drive, 78XD, EV 103.8 MPH)
Batting: RHB Jake Cox 0-0: Ball
1-0: Called Strike
1-1: Ball
2-1: Foul Ball, location: 2F
2-2: Strikes out swinging, 2-3 out at first.
Batting: SHB Marco de Leon 0-0: Ball
1-0: Called Strike
1-1: Ball
2-1: Ball
3-1: Base on Balls
Batting: SHB Bob Dixon 0-0: Ball
1-0: Called Strike
1-1: SINGLE (Groundball, 4MD, EV 95.0 MPH)
Alex Fernandez scores
Marco de Leon to second
Batting: RHB Vaclav Been 0-0: Swinging Strike
0-1: Ball
1-1: Ball
2-1: Ball
3-1: Foul Ball, location: 2F
3-2: Foul Ball, location: 2F
3-2: Strikes out swinging
Batting: RHB Joe Hewitt 0-0: Ball
1-0: DOUBLE (Line Drive, 5D, EV 108.1 MPH)
Marco de Leon scores
Bob Dixon to third
Runner from 3rd tries for Home, throw by LF and OUT! 7-6-2
Bottom of the 4th over - 2 runs, 3 hits, 0 errors, 1 left on base; Lynchburg 6 - Clearwater 2
TOP OF THE 5TH
Lynchburg Hillcats batting - Pitching for Clearwater Threshers : RHP T.J. Gray
Pitching: RHP Omar Pineda
Batting: LHB Nick Welling 0-0: Foul Ball, location: 2F
0-1: Foul Ball, location: 2F
0-2: Ball
1-2: SOLO HOME RUN (Flyball, 89XD, EV 109.4 MPH), Distance : 417 ft
Batting: LHB Jeff Palmowski 0-0: Called Strike
0-1: Foul Ball, location: 2F
0-2: Ball
1-2: Ball
2-2: Strikes out looking
Batting: LHB Chris Morgan 0-0: Called Strike
0-1: Ball
1-1: Called Strike
1-2: Strikes out swinging
Batting: SHB Arturo Baez 0-0: Ball
1-0: Called Strike
1-1: Ball
2-1: Foul Ball, location: 2F
2-2: Strikes out swinging
Top of the 5th over - 1 run, 1 hit, 0 errors, 0 left on base; Lynchburg 7 - Clearwater 2
BOTTOM OF THE 5TH
Clearwater Threshers batting - Pitching for Lynchburg Hillcats : LHP Victor Garcia
Batting: RHB Steve Jones 0-0: Called Strike
0-1: Called Strike
0-2: Ball
1-2: Ground out 6-3 (Groundball, 6, EV 79.4 MPH)
Batting: RHB Allen Deschamps 0-0: Swinging Strike
0-1: Ball
1-1: Foul Ball, location: 2F
1-2: Strikes out swinging
Batting: RHB Mark Schultz 0-0: SOLO HOME RUN (Flyball, 7D, EV 95.0 MPH), Distance : 382 ft
Batting: LHB Alex Fernandez 0-0: Called Strike
0-1: Ball
1-1: Fly out, F8 (Flyball, 89D, EV 85.6 MPH)
Bottom of the 5th over - 1 run, 1 hit, 0 errors, 0 left on base; Lynchburg 7 - Clearwater 3
TOP OF THE 6TH
Lynchburg Hillcats batting - Pitching for Clearwater Threshers : RHP Omar Pineda
Batting: RHB Jeremy Givens 0-0: Called Strike
0-1: DOUBLE (Groundball, 5L, EV 95.6 MPH)
Batting: RHB Tai Joo 0-0: Ball
1-0: Called Strike
1-1: Ball
2-1: Ground out 5-3 (Groundball, 56S, EV 81.2 MPH)
Batting: RHB Tsega Haida 0-0: Foul Ball, location: 2F
0-1: Ball
1-1: Ball
2-1: Foul Ball, location: 2F
2-2: Ball
3-2: Strikes out looking
Batting: RHB Leo Loetzsch 0-0: Called Strike
0-1: Ball
1-1: Called Strike
1-2: Foul Ball, location: 2F
1-2: Foul Ball, location: 2F
1-2: Foul Ball, location: 2F
1-2: Ball
2-2: Fly out, F3 (Popup, 3SF, EV 79.4 MPH)
Top of the 6th over - 0 runs, 1 hit, 0 errors, 1 left on base; Lynchburg 7 - Clearwater 3
BOTTOM OF THE 6TH
Clearwater Threshers batting - Pitching for Lynchburg Hillcats : LHP Victor Garcia
Pitching: RHP Frank Diaz
Batting: RHB Jake Cox 0-0: Called Strike
0-1: Ball
1-1: Ball
2-1: Foul Ball, location: 2F
2-2: Ground out 6-3 (Groundball, 6, EV 105.6 MPH)
Batting: SHB Marco de Leon 0-0: Ball
1-0: Foul Ball, location: 2F
1-1: Ball
2-1: Swinging Strike
2-2: Foul Ball, location: 2F
2-2: Foul Ball, location: 2F
2-2: Foul Ball, location: 2F
2-2: Strikes out looking
Batting: SHB Bob Dixon 0-0: Called Strike
0-1: Foul Ball, location: 2F
0-2: Strikes out looking
Bottom of the 6th over - 0 runs, 0 hits, 0 errors, 0 left on base; Lynchburg 7 - Clearwater 3
TOP OF THE 7TH
Lynchburg Hillcats batting - Pitching for Clearwater Threshers : RHP Omar Pineda
Pitching: RHP Seizaburo Takahashi
Batting: RHB Diwan Abdul-Salam 0-0: Ball
1-0: Swinging Strike
1-1: Ground out 4-3 (Groundball, 4, EV 85.0 MPH)
Batting: LHB Nick Welling 0-0: Fly out, F8 (Flyball, 78M, EV 84.4 MPH)
Batting: LHB Jeff Palmowski 0-0: Swinging Strike
0-1: Ball
1-1: Ball
2-1: Ball
3-1: Foul Ball, location: 2F
3-2: Foul Ball, location: 2F
3-2: Strikes out swinging
Top of the 7th over - 0 runs, 0 hits, 0 errors, 0 left on base; Lynchburg 7 - Clearwater 3
BOTTOM OF THE 7TH
Clearwater Threshers batting - Pitching for Lynchburg Hillcats : RHP Frank Diaz
Now at 2B: John Dietrich
Now in RF: Travis Burnett
Batting: RHB Vaclav Been 0-0: SOLO HOME RUN (Flyball, 78XD, EV 98.8 MPH), Distance : 416 ft
Batting: RHB Joe Hewitt 0-0: Ball
1-0: Called Strike
1-1: Ball
2-1: Swinging Strike
2-2: Ball
3-2: Ground out U3 (Groundball, 3, EV 85.0 MPH)
Batting: RHB Steve Jones 0-0: Ball
1-0: Ground out 6-3 (Groundball, 6, EV 91.2 MPH)
Pinch Hitting: RHB Victor Arroyo 0-0: Swinging Strike
0-1: Foul Ball, location: 2F
0-2: Ball
1-2: Strikes out swinging
Bottom of the 7th over - 1 run, 1 hit, 0 errors, 0 left on base; Lynchburg 7 - Clearwater 4
TOP OF THE 8TH
Lynchburg Hillcats batting - Pitching for Clearwater Threshers : RHP Seizaburo Takahashi
Now at 1B: Victor Arroyo
Now at 3B: Steve Jones
Now at SS: Jake Cox
Batting: LHB Chris Morgan 0-0: Ball
1-0: Called Strike
1-1: SOLO HOME RUN (Flyball, 89XD, EV 101.9 MPH), Distance : 427 ft
Batting: SHB Arturo Baez 0-0: Ball
1-0: Ball
2-0: Called Strike
2-1: DOUBLE (Flyball, 8RXD, EV 102.5 MPH)
Batting: RHB Jeremy Givens 0-0: Foul Ball, location: 2F
0-1: Foul Ball, location: 2F
0-2: Ball
1-2: Fly out, F7 (Flyball, 78S, EV 89.4 MPH)
Batting: RHB Tai Joo 0-0: Ball
1-0: Called Strike
1-1: Ball
2-1: Called Strike
2-2: Ball
3-2: Foul Ball, location: 2F
3-2: Fly out, F7 (Flyball, 78D, EV 96.2 MPH)
Runner from 2nd tags up, OUT at 3rd! 7-5
Top of the 8th over - 1 run, 2 hits, 0 errors, 0 left on base; Lynchburg 8 - Clearwater 4
BOTTOM OF THE 8TH
Clearwater Threshers batting - Pitching for Lynchburg Hillcats : RHP Frank Diaz
Now at 1B: Adam Barry
Batting: RHB Mark Schultz 0-0: Foul Ball, location: 2F
0-1: Foul Ball, location: 2F
0-2: Foul Ball, location: 2F
0-2: Ball
1-2: Foul Ball, location: 2F
1-2: Ball
2-2: Foul Ball, location: 2F
2-2: Strikes out swinging
Batting: LHB Alex Fernandez 0-0: Ball
1-0: DOUBLE (Line Drive, 3D, EV 105.0 MPH)
Batting: RHB Jake Cox 0-0: Ball
1-0: Foul Ball, location: 2F
1-1: Ball
2-1: Foul Ball, location: 2F
2-2: Ball
3-2: Foul Ball, location: 2F
3-2: Ground out U3 (Groundball, 34, EV 82.5 MPH)
Alex Fernandez to third
Batting: SHB Marco de Leon 0-0: SINGLE (Groundball, 34D, EV 96.2 MPH)
Alex Fernandez scores
Batting: SHB Bob Dixon 0-0: Swinging Strike
0-1: Ball
1-1: Ball
2-1: Swinging Strike
2-2: Foul Ball, location: 2F
2-2: Ball
3-2: Ground out 6-3 (Groundball, 6, EV 89.4 MPH)
Bottom of the 8th over - 1 run, 2 hits, 0 errors, 1 left on base; Lynchburg 8 - Clearwater 5
TOP OF THE 9TH
Lynchburg Hillcats batting - Pitching for Clearwater Threshers : RHP Seizaburo Takahashi
Batting: RHB Tsega Haida 0-0: Swinging Strike
0-1: Ball
1-1: Fly out, F7 (Flyball, 7, EV 88.8 MPH)
Batting: SHB Travis Burnett 0-0: DOUBLE (Line Drive, 7LM, EV 101.2 MPH)
Batting: RHB Diwan Abdul-Salam 0-0: 2-RUN HOME RUN (Flyball, 89XD, EV 98.1 MPH), Distance : 402 ft
Pitching: LHP Wil Diaz
Batting: LHB Nick Welling 0-0: Ball
1-0: Ball
2-0: Ball
3-0: Base on Balls
Batting: LHB John Dietrich Pickoff Play to 1st, Runner tries for 2nd, OUT after rundown.
0-0: Called Strike
0-1: Ground out 6-3 (Groundball, 6, EV 83.1 MPH)
Top of the 9th over - 2 runs, 2 hits, 0 errors, 0 left on base; Lynchburg 10 - Clearwater 5
BOTTOM OF THE 9TH
Clearwater Threshers batting - Pitching for Lynchburg Hillcats : RHP Frank Diaz
Batting: RHB Vaclav Been 0-0: Swinging Strike
0-1: Called Strike
0-2: Strikes out swinging
Batting: RHB Joe Hewitt 0-0: Ground out 6-3 (Groundball, 6, EV 91.9 MPH)
Batting: RHB Steve Jones 0-0: Called Strike
0-1: Ball
1-1: Foul Ball, location: 2F
1-2: Ball
2-2: SINGLE (Groundball, 56D, EV 98.8 MPH)
Pitching: RHP Mike Borell
Batting: RHB Victor Arroyo 0-0: Ball
1-0: Foul Ball, location: 2F
1-1: Ball
2-1: Fly out, F4 (Popup, 4M, EV 61.2 MPH)
Bottom of the 9th over - 0 runs, 1 hit, 0 errors, 1 left on base; Lynchburg 10 - Clearwater 5
Tuesday, September 13th , 2022 - OOTP Baseball 23.7 Build 88